 Dungeon Crawl Stone Soup version 0.26.1-11-gd32895ea62 (webtiles) character file.

Game seed: 10560776819464371876

505 Descartes the Sneak (level 6, -1/25 HPs)
             Began as a Felid Transmuter on July 21, 2021.
             Killed from afar by an orc wizard (7 damage)
             ... with a puff of flame
             ... on level 5 of the Dungeon.
             The game lasted 00:07:16 (5776 turns).

Descartes the Sneak (Felid Transmuter)              Turns: 5776, Time: 00:07:16

Health: -1/25      AC:  2    Str:  8    XL:     6   Next: 96%
Magic:  15/19      EV: 21    Int: 15    God:
Gold:   195        SH:  0    Dex: 16    Spells: 3/9 levels left
                                        Lives:  0   Deaths: 1

rFire    . . .     SeeInvis +     - Unarmed
rCold    . . .     Faith    .   (shield unavailable)
rNeg     . . .     Spirit   .   (armour unavailable)
rPois    .         Reflect  .   (helmet unavailable)
rElec    .         Harm     .   (cloak unavailable)
rCorr    .         Rampage  .   (gloves unavailable)
Will     .....                  (boots unavailable)
Stlth    ++........             (no amulet)
HPRegen  0.08/turn              g - ring of magical power
MPRegen  0.16/turn              (no ring)

@: blade paws (expiring), quick
A: very small, no armour, no weapons or thrown items, stealth, claws 1, fangs 3,
see invisible, speed 1, shaggy fur 2
a: End Transformation


You were on level 5 of the Dungeon.
You had blades for front paws.
You visited 1 branch of the dungeon, and saw 5 of its levels.

You collected 195 gold pieces.

Inventory:

Missiles
 j - 81 stones
Jewellery
 g - a ring of magical power (left scythe-like blade)
Scrolls
 a - 3 scrolls of enchant weapon {unknown}
 b - a scroll of fog {unknown}
 c - 3 scrolls of teleportation
 f - a scroll of fear {unknown}
 h - 2 scrolls of random uselessness {unknown}
 k - 4 scrolls of identify {unknown}
 o - a scroll of enchant armour {unknown}
 p - a scroll of remove curse {unknown}
 r - a scroll of vulnerability {unknown}
Potions
 d - 3 potions of attraction {unknown}
 e - a potion of berserk rage {unknown}
 i - a potion of brilliance {unknown}
 l - a potion of flight {unknown}
 m - 3 potions of curing {unknown}
 n - a potion of mutation {unknown}
 q - a potion of might {unknown}
 s - a potion of lignification {unknown}


   Skills:
 - Level 1.0 Fighting
 + Level 5.3 Dodging
 + Level 5.4 Stealth
 + Level 5.2 Unarmed Combat
 - Level 2.0 Spellcasting
 + Level 5.2 Transmutations


You had 3 spell levels left.
You knew the following spells:

 Your Spells              Type           Power        Failure   Level
a - Beastly Appendage     Tmut           34%          24%         1
b - Blade Hands           Tmut           8%           90%         5

Your spell library contained the following spells:

 Spells                   Type           Power        Failure   Level
 Wereblood                Tmut           17%          28%         2
 Spider Form              Tmut/Pois      4%           65%         3
 Ice Form                 Ice/Tmut       9%           91%         4


Dungeon Overview and Level Annotations

Branches:
Dungeon (5/15)
 Temple: D:4-7

Altars:
Makhleb

Shops:
D:5 [

Annotations:
D:5 1 runed translucent door, Crazy Yiuf


Innate Abilities, Weirdness & Mutations

You cannot wear armour.
You are incapable of wielding weapons or throwing items.
Your paws allow you to move quietly. (Stealth)
You have sharp claws.
You have razor-sharp teeth.
You have supernaturally acute eyesight. (SInv)
You cover ground quickly.
You are covered in thick fur. (AC +2)
((Your sharp claws are effective at attacking unaware monsters.))


Message History

You are too confused!
Unknown command.
You are too confused!
You are too confused!
You are too confused!
You are too confused!
In your confused state, you trip and fall back down the stairs.
Your transformation is almost over.
The orc priest calls down the wrath of Beogh upon you.
Beogh smites you!
Ouch! That really hurt!
The orc wizard misses you. The orc closely misses you.
In your confused state, you trip and fall back down the stairs.
The orc hits you from afar with a +0 spear.
* * * LOW HITPOINT WARNING * * *
You feel less confused.
The orc wizard gestures at you while chanting.
The puff of flame hits you!
You die...

#..####............#..
##............###....#
#..##.....#..###..###
#..#...#.............
#######..#..##.........#..#
#..........###.............
#.#..#......#...#######....
#...##........# ####....
#..####...o@.### #.......
#.. #####o## #.##.... ###
#o.# ###....... #รท)...#
#...##....
..!o#.....##...##....
#...###...########....
#.... ?...# #.... #..#.
.#..# ##### #.##. ##.#


You could see an orc priest, an orc wizard and 2 orcs.

Vanquished Creatures
  Sigmund (D:2)
  A phantom (D:4)
  A howler monkey (D:4)
  An orc wizard (D:3)
  A centaur skeleton (D:4)
  An orc priest (D:3)
  A bullfrog skeleton (D:4)
  A hound (D:4)
  Ijyb (D:3)
  An iguana (D:4)
  2 worker ants (D:4)
  4 gnolls
  6 adders
  A shadow imp (D:5)
  2 oozes
  An adder skeleton (D:5)
  A worm (D:2)
  2 dart slugs
  4 leopard geckos
  5 orcs
  A ball python (D:2)
  5 bats
  2 giant cockroaches
  3 goblins
  7 hobgoblins
  2 jackals (D:5)
  5 quokkas
  4 frilled lizards
  A jackal skeleton (D:5)
  6 kobolds
  6 rats
80 creatures vanquished.

Notes
Turn   | Place    | Note
-------+----------+-------------------------------------------
     0 | D:1      | Descartes the Felid Transmuter began the quest for the Orb.
     0 | D:1      | Reached XP level 1. HP: 9/9 MP: 4/4
   253 | D:1      | Reached skill level 1 in Stealth
   271 | D:1      | Reached XP level 2. HP: 12/12 MP: 4/6
   980 | D:2      | Noticed Sigmund
   988 | D:2      | Killed Sigmund
   989 | D:2      | Reached XP level 3. HP: 15/15 MP: 5/7
   989 | D:2      | Reached XP level 4. HP: 19/19 MP: 5/8
   989 | D:2      | Reached XP level 5. HP: 22/22 MP: 5/9
  1925 | D:2      | Found a burning altar of Makhleb.
  3147 | D:3      | Gained mutation: You are covered in thick fur. (AC +2)
                  | [Felid growth]
  3147 | D:3      | Reached XP level 6. HP: 25/25 MP: 8/10
  3296 | D:3      | Noticed Ijyb
  3326 | D:3      | Killed Ijyb
  3438 | D:3      | Learned a level 5 spell: Blade Hands
  3604 | D:3      | Reached skill level 5 in Dodging
  4298 | D:4      | Slain by a phantom
  4299 | D:4      | Reached XP level 5. HP: 0/22 MP: 18/18
  4578 | D:4      | Reached skill level 5 in Stealth
  4674 | D:4      | Reached XP level 6. HP: 18/25 MP: 10/10
  4777 | D:4      | Reached skill level 5 in Unarmed Combat
  4791 | D:4      | Reached skill level 5 in Transmutations
  5133 | D:5      | Entered Level 5 of the Dungeon
  5210 | D:5      | Found a runed translucent door.
  5211 | D:5      | Noticed Crazy Yiuf
  5295 | D:5      | Found Sosygaz's Antique Armour Boutique.
  5776 | D:5      | Killed from afar by an orc wizard

Illustrated notes

Levels and vault maps discovered:
D:1:      heliophobic_arrival_enchanted_forest, layout_basic, minivault_11
D:2:      layout_loops_ring, lemuel_crystal_altar, serial_forest,
          infiniplex_forest_lined_room_2, infiniplex_forest_clump_C,
          infiniplex_forest_end_2, infiniplex_forest_clump_tiny,
          infiniplex_forest_clump_large, infiniplex_forest_split,
          infiniplex_forest_clump_C, infiniplex_forest_clump_tiny, uniq_sigmund
D:3:      layout_loops_ring, uniq_ijyb
D:4:      layout_basic, minmay_misc_feat_hallway
D:5:      layout_rooms, serial_shops, shop_statue, hangedman_decor_growths,
          okawaru_ov_weapons_minmay, uniq_crazy_yiuf_cottage

Skill      XL: |  1  2  3  4  5  6 |
---------------+-------------------+-----
Dodging        | 3 4 5 |  5.3
Stealth        | 1 3 5 |  5.4
Transmutations | 3 5 |  5.2
Unarmed Combat | 4 5 |  5.2
Fighting       | |  1.0
Spellcasting   | |  2.0

Action                   |  1- 3 |  4- 6 || total
-------------------------+-------+-------++-------
Melee: Unarmed           |    40 |   235 ||   275
       Headbutt          |     7 |    25 ||    32
       Bite              |     4 |    18 ||    22
       Punch             |     1 |     3 ||     4
 Cast: Beastly Appendage |    12 |    50 ||    62
       Blade Hands       |       |     2 ||     2
  Use: Scroll            |       |     1 ||     1
 Stab: Sleeping          |     3 |    15 ||    18
Armor: Skin              |       |     7 ||     7
Dodge: Dodged            |    29 |   174 ||   203
